 Dungeon Crawl Stone Soup version 0.18-a0-1577-gf591c28 (webtiles) character file.

37 M4edhros the Sneak (level 3, -2/23 HPs)
             Began as an Octopode Artificer on Mar 20, 2016.
             Slain by a giant newt (3 damage)
             ... on level 2 of the Dungeon.
             The game lasted 00:00:48 (893 turns).

M4edhros the Sneak (Octopode Artificer)              Turns: 893, Time: 00:00:49

Health: -2/23      AC:  1    Str: 10    XL:     3   Next: 41%
Magic:  5/5        EV: 13    Int: 14    God:
Gold:   19         SH:  0    Dex: 13    Spells: 0 memorised, 2 levels left

rFire  . . .     SeeInvis .     a - +0 short sword
rCold  . . .     Gourm    .     (no shield)
rNeg   . . .     Faith    .     (helmet restricted)
rPois  .         Spirit   .     (no amulet)
rElec  .         Dismiss  .     (no ring)
rCorr  .         Reflect  .     (no ring)
SustAt .         Harm     .     (no ring)
MR     .....                    (no ring)
Stlth  ++++......               (no ring)
                                (no ring)
                                (no ring)
                                (no ring)

@: not resistant to hostile enchantments, stealthy
A: almost no armour, amphibious, 8 rings, constrict 8, camouflage 1, gelatinous
body 1
a: no special abilities


You were on level 2 of the Dungeon.
You were not hungry.

You visited 1 branch of the dungeon, and saw 2 of its levels.

You collected 19 gold pieces.

Inventory:

Hand Weapons
 a - a +0 short sword (weapon)
Missiles
 j - 5 javelins (quivered)
Wands
 b - a wand of flame (15/48)
 c - a wand of enslavement (15/24)
 d - a wand of random effects (15/48)
Scrolls
 h - a scroll of identify {unknown}
 i - a scroll of teleportation {unknown}
 k - a scroll of immolation {unknown}
 l - a scroll of noise {unknown}
Potions
 e - a potion of resistance {unknown}
 g - a potion of curing
Comestibles
 f - 2 bread rations


   Skills:
 - Level 1.0 Fighting
 - Level 1.0 Short Blades
 + Level 2.7 Dodging
 + Level 3.7 Stealth
 - Level 3.2 Evocations


You had 2 spell levels left.
You didn't know any spells.

Dungeon Overview and Level Annotations

Branches:
Dungeon (2/15)

Altars:
Dithmenos

Annotations:
D:2 Sigmund


Innate Abilities, Weirdness & Mutations

You cannot wear most types of armour.
You are amphibious.
You can wear up to eight rings at the same time.
You can use your tentacles to constrict eight enemies at once.
Your skin changes colour to match your surroundings (Stealth).
Your rubbery body absorbs attacks (AC +1).


Message History

You resist with significant effort. The goblin hits you but does no damage.
Sigmund gestures wildly while chanting.
Sigmund flickers and vanishes!
Deactivating autopickup; reactivate with Ctrl-A.
A giant newt comes into view.
The giant newt bites you.
You closely miss the giant newt. Your grab misses the giant newt.
The giant newt bites you. The kobold hits you with a club.
* * * LOW HITPOINT WARNING * * *
You miss the giant newt. Your grab misses the giant newt.
The giant newt closely misses you. The kobold closely misses you.
You miss the giant newt. Your grab misses the giant newt.
You squeeze the giant newt, but do no damage.
The giant newt misses you. The kobold hits you with a club.
* * * LOW HITPOINT WARNING * * *
You hit the giant newt. Your grab misses the giant newt.
The giant newt is heavily wounded.
The giant newt bites you.
You die...

#. #. # ##. ##. #.##
#..
#############..###.#
...........g..#.#.#
#....#####.#####g#
#.#.## #.# #K#
...... #.# #@#
###.### #.# #l# #.#
#.# #.# #.# #.# #.#
. ..# #.# #.# ## ..#
###


You could see a goblin, a kobold and a giant newt.

Vanquished Creatures
  An adder (D:2)
  A dart slug (D:1)
  A giant gecko (D:1)
  2 giant cockroaches
  5 goblins
  4 hobgoblins (D:1)
  A bat (D:2)
  6 kobolds
  3 rats
24 creatures vanquished.

Notes
Turn   | Place    | Note
--------------------------------------------------------------
     0 | D:1      | M4edhros the Octopode Artificer began the quest for the Orb.
     0 | D:1      | Reached XP level 1. HP: 13/13 MP: 3/3
    99 | D:1      | Reached XP level 2. HP: 18/18 MP: 4/4
   803 | D:2      | Found a shadowy altar of Dithmenos.
   827 | D:2      | Reached XP level 3. HP: 21/23 MP: 5/5
   862 | D:2      | Noticed Sigmund
   892 | D:2      | HP: 1/23 [kobold/club (4)]
   893 | D:2      | Slain by a giant newt

Vault maps used:
D:1:      dpeg_arrival_stonehenge_12_columns
D:2:      old_standard_altar, uniq_sigmund, uniq_terence,
          uniq_crazy_yiuf_cottage

Skill      XL: |  1  2 |
---------------+-------+-----
Stealth        | 2 3 |  3.7
Fighting       | |  1.0
Short Blades   | |  1.0
Dodging        | |  2.7
Evocations     | |  3.2

Action                   || total
-------------------------++-------
Melee: Short sword       ||    45
  Use: Potion            ||     1
 Stab: Sleeping          ||    10
